Map: Tokamak LE

Players

RainMan

  • Race: Terran Terran
  • League: Master
  • Spawn Location: 7:00

ManlyManMeat - Winner!

  • Race: Zerg Zerg
  • Spawn Location: 1:00

VOD

Have the link to the VOD?

Description

Time

  • Played on: May 14, 2025, 2:30 p.m.
  • Length: 13:55
Show
View Real Time Build Order
Export as new Build Order

RainMan Terran 

Build Orders:  

Get SALT Encoding   

  12  0:00  SCV  
  13  0:12  SCV  
  14  0:18  Supply Depot  
  14  0:24  SCV  
  15  0:40  SCV  
  16  0:44  Barracks  
  16  0:48  Refinery  
  16  0:52  SCV  
  17  1:01  Refinery  
  17  1:04  SCV  
  18  1:16  SCV  
  19  1:28  SCV  
  20  1:40  SCV  
  20  1:43  Supply Depot  
  21  1:54  SCV  
  21  1:55  Command Center  
  22  2:05  Factory  
  22  2:20  Barracks Reactor  
  22  2:21  Orbital Command  
  22  2:47  Supply Depot  
  22  2:51  Engineering Bay  
  22  2:58  Factory Tech Lab  
  22  3:04  Starport  
  22  3:16  Marine x2  
  24  3:22  SCV x2  
  26  3:28  Armory  
  26  3:32  Siege Tank  
  29  3:34  SCV x2  
  30  3:58  Starport Tech Lab  
  31  4:02  SCV  
  31  4:03  SCV  
  32  4:15  SCV x2  
  33  4:25  Siege Tank  
  33  4:26  Marine x2  
  33  4:27  SCV x2  
  38  4:36  Fusion Core  
  38  4:42  Starport  
  38  4:44  Marine x2, SCV x2  
  42  4:54  Refinery  
  42  4:56  Refinery, SCV x2  
  44  5:08  SCV x2  
  46  5:16  Supply Depot  
  46  5:17  Supply Depot x2  
  46  5:21  Starport Tech Lab  
  46  5:31  SCV x2  
  54  5:43  SCV x2, Battlecruiser  
  56  5:52  Battlecruiser  
  56  5:55  SCV x2  
  64  6:01  Supply Depot  
  64  6:02  Supply Depot  
  64  6:07  Marine  
  64  6:08  Marine  
  64  6:10  Siege Tank  
  69  6:21  Armory  
  69  6:31  Starport  
  69  6:33  SCV x2  
  71  6:45  Supply Depot, SCV x2  
  73  6:57  SCV x2  
  75  7:14  Battlecruiser  
  75  7:15  Battlecruiser  
  87  7:37  Command Center  
  87  8:46  Terran Vehicle Weapons Level 1  
  87  8:47  Terran Vehicle And Ship Armor Level 1  
  87  8:48  Weapon Refit  
  87  9:26  Battlecruiser  
  87  9:27  Battlecruiser  
  87  10:19  Marine x2  
  92  10:21  Siege Tank  
  86  10:31  Battlecruiser  
  86  10:37  Marine x2  
  88  10:53  Siege Tank  
  88  10:54  Marine  
  88  10:55  Marine  
  93  10:59  Starport Tech Lab  
  93  11:06  Refinery  
  93  11:08  Refinery  
  93  11:12  Marine  
  91  11:25  Siege Tank  
  93  11:49  Marine  
  93  11:50  Marine  
  95  11:57  Siege Tank  
  98  12:07  Marine  
  98  12:08  Marine  
  100  12:56  Siege Tank  
  97  13:16  Command Center  
Show
View Real Time Build Order
Export as new Build Order

ManlyManMeat Zerg - Winner!

Build Orders: Pool First 

Get SALT Encoding   

  12  0:08  Overlord  
  12  0:13  Drone  
  13  0:16  Drone  
  14  0:29  Drone  
  15  0:38  Drone  
  16  0:45  Drone, Spawning Pool  
  16  0:52  Drone  
  17  1:03  Drone  
  18  1:13  Hatchery  
  18  1:18  Extractor  
  16  1:27  Drone x2  
  18  1:33  Queen  
  20  1:40  Overlord  
  20  1:48  Drone  
  21  2:01  Zergling x2  
  24  2:17  Drone  
  25  2:33  Drone x3  
  28  2:41  Overlord  
  28  2:45  Drone x4  
  28  2:46  Queen  
  28  2:49  Lair  
  32  2:56  Evolution Chamber  
  31  2:59  Drone, Evolution Chamber  
  31  3:00  Drone x2  
  33  3:11  Drone x2  
  35  3:15  Zergling x6  
  38  3:26  Queen  
  40  3:33  Drone x3  
  43  3:39  Extractor  
  42  3:42  Drone x2  
  44  3:49  Extractor  
  44  3:54  Metabolic Boost  
  42  4:00  Drone  
  42  4:01  Drone  
  44  4:12  Hatchery, Queen  
  42  4:19  Zergling x4  
  44  4:36  Overlord  
  44  4:37  Overlord  
  44  4:51  Overlord x2  
  44  5:06  Overlord  
  44  5:07  Overlord  
  44  5:10  Zergling x16  
  52  5:19  Hydralisk Den  
  51  5:22  Zerg Melee Weapons Level 1  
  51  5:24  Zerg Ground Armor Level 1  
  51  5:33  Drone x5  
  51  5:34  Drone x4  
  60  5:39  Drone  
  60  5:41  Drone  
  62  5:46  Queen  
  62  5:47  Queen  
  68  5:51  Extractor  
  68  5:52  Drone x4  
  69  6:20  Infestation Pit  
  68  6:27  Drone x4  
  68  6:28  Drone x3  
  68  6:29  Overlord  
  68  6:30  Overlord x2  
  75  6:58  Extractor  
  75  7:00  Drone x3  
  77  7:25  Hive  
  77  7:28  Hydralisk x6  
  77  7:29  Hydralisk x6  
  97  7:30  Hydralisk  
  103  7:42  Hydralisk  
  103  7:43  Hydralisk x4  
  110  8:40  Ultralisk Cavern  
  109  8:52  Spire  
  98  9:10  Hydralisk x4  
  98  9:11  Hydralisk x3  
  98  9:14  Overlord x3  
  98  9:15  Overlord x7  
  112  9:20  Zergling x2  
  83  10:18  Ultralisk x7  
  109  10:36  Ultralisk  
  109  10:38  Zergling x26  
  128  10:51  Extractor  
  128  10:54  Hatchery  
  126  10:57  Hatchery  
  125  11:10  Hatchery  
  124  11:12  Hatchery  
  124  11:13  Hatchery  
  122  11:22  Adrenal Glands  
  122  11:23  Zerg Melee Weapons Level 2  
  122  11:24  Zerg Ground Armor Level 2  
  122  11:42  Overlord x2  
  121  11:54  Hydralisk x10  
  138  12:16  Hydralisk  
  138  12:17  Hydralisk x5  
  132  12:49  Hydralisk x6  
  138  12:53  Hatchery  
  129  13:02  Hatchery  
Tags
 
League
Master
Matchup
TvZ
Opening
Pool First
Replay Pack
Multiplayer
Spawn Locations
Cross Positions
Add a new tag
Caveats
  • Supply blocks, unpowered buildings, or Contaminate may cause inaccurate times.
  • Supply counts are checked every 10 seconds.